 Dungeon Crawl Stone Soup version 0.29-a0-284-gf9362112df (webtiles) character file.

Game seed: 12442566240191742595

196 being54 the Sneak (level 5, -1/40 HPs)
             Began as a Demonspawn Brigand on Mar 17, 2022.
             Slain by Grinder (2 damage)
             ... on level 4 of the Dungeon.
             The game lasted 00:07:36 (3241 turns).

being54 the Sneak (Demonspawn Brigand)              Turns: 3241, Time: 00:07:37

Health: -1/40      AC:  9    Str: 11    XL:     5   Next: 45%
Magic:  5/5        EV: 12    Int: 20    God:
Gold:   199        SH:  0    Dex: 22    Spells: 4/4 levels left

rFire   x . .      SeeInvis +   h - +0 dagger (venom)
rCold   . . .      Faith    .   (no shield)
rNeg    . . .      Spirit   .   g - +0 leather armour
rPois   .          Reflect  .   v - +0 hat "Suti" {+Inv rF- Int+7 SInv}
rElec   .          Harm     .   c - +0 cloak
rCorr   .          Rampage  .   p - +2 pair of gloves
Will    .....                   (no boots)
Stlth   +++.......              (no amulet)
HPRegen 0.13/turn               k - +6 ring of dexterity
MPRegen 0.09/turn               (no ring)

@: invisible
A: slimy green scales 1, powered by pain 1, demonic touch 2
a: Evoke Invisibility


You were on level 4 of the Dungeon.
You visited 1 branch of the dungeon, and saw 4 of its levels.

You collected 199 gold pieces.

Inventory:

Hand Weapons
 h - a +0 dagger of venom (weapon)
Missiles
 d - 5 poisoned darts (quivered)
 e - 3 curare-tipped darts
Armour
 c - a +0 cloak (worn)
 g - a +0 leather armour (worn)
 p - a +2 pair of gloves (worn)
 v - the +0 hat "Suti" (worn) {+Inv rF- Int+7 SInv}
   (You found it on level 3 of the Dungeon)

   Int:       It affects your intelligence (+7).
   rF:        It makes you vulnerable to fire.
   SInv:      It lets you see invisible.
   +Inv:      It lets you turn invisible.
Jewellery
 k - a +6 ring of dexterity (left hand)
 n - a ring of resist corrosion
Scrolls
 i - a scroll of teleportation
 o - a scroll of enchant weapon
Potions
 f - a potion of attraction
 j - a potion of flight
 l - a potion of resistance {unknown}
 m - a potion of magic {unknown}
 q - a potion of haste {unknown}
 t - a potion of curing {unknown}


   Skills:
 + Level 2.9 Fighting
 + Level 3.0 Short Blades
 + Level 1.8 Throwing
 + Level 1.6 Armour
 + Level 1.3 Dodging
 + Level 4.9 Stealth


You had 4 spell levels left.
You didn't know any spells.
Your spell library contained the following spells:

 Spells                   Type           Power      Damage    Failure   Level
 Magic Dart               Conj           0%         1d3       26%         1
 Sandblast                Erth           0%         2d4       26%         1
 Passwall                 Tmut/Erth      0%         N/A       36%         2
 Searing Ray              Conj           0%         2d4       36%         2
 Stone Arrow              Conj/Erth      0%         3d7       58%         3
 Fulminant Prism          Conj/Hex       0%         3d6       94%         4


Dungeon Overview and Level Annotations

Branches:
Dungeon (4/15)
 Temple: D:4-7

Altars:

Annotations:
D:4 Grinder, Menkaure


Innate Abilities, Weirdness & Mutations

You are partially covered in slimy green scales. (AC +2)
You sometimes gain a little power by taking damage.
Your touch may inflict irresistible damage on your foes.


Message History

Unknown command.
Grinder barely misses you.
Grinder is nearby!
Grinder gestures at you. Pain shoots through your body!
Grinder is nearby!
Grinder gestures at you. Pain shoots through your body!
Throw: 8 darts (poison)
Press: ? - help, Q - select action, (/) - cycle Shift-Dir - straight line, f/p - Grinder
Aim: Grinder (61% to hit)
You throw a poisoned dart. The poisoned dart hits Grinder.
Grinder is poisoned.
Grinder blinks!
Grinder looks more healthy.
Grinder blinks!
Throw: 7 darts (poison)
Press: ? - help, Q - select action, (/) - cycle Shift-Dir - straight line, f/p - Grinder
Aim: Grinder (lightly wounded, 61% to hit)
You throw a poisoned dart. The poisoned dart hits Grinder.
Grinder is lightly wounded.
Throw: 6 darts (poison)
Press: ? - help, Q - select action, (/) - cycle Shift-Dir - straight line, f/p - Grinder
Aim: Grinder (lightly wounded, 61% to hit)
You throw a poisoned dart.
The poisoned dart closely misses Grinder.
You hit Grinder but do no damage.
Grinder is poisoned.
You touch Grinder!
Grinder is moderately wounded.
Grinder hits you!
You writhe in agony.
* * * LOW HITPOINT WARNING * * *
You hit Grinder.
Grinder is moderately wounded.
Grinder hits you.
* * * LOW HITPOINT WARNING * * *
You writhe in agony.
* * * LOW HITPOINT WARNING * * *
Grinder attacks as you move away! Grinder barely misses you.
You fade into invisibility!
Grinder hits you!
* * * LOW HITPOINT WARNING * * *
You writhe in agony.
You die...

#...............
#.#.########.....#
#.#.# .....# #.#.#
.....# #.#.#######
....# ##.........#
....#
......#.#####.#
...# .####.#.# #.#
#@#.# #.# #5#.#
#.# #.#.# #.#
#.#.# #.# #(#.#
###.####### #.#.#
#...5.....M
#.#.###.#.#######
#.#.....#.#
#(...5...(#


You could see Grinder (can't see you, very poisoned).

Vanquished Creatures
  An orc priest (D:3)
  2 orc wizards (D:3)
  3 adders (D:3)
  A worm (D:4)
  2 dart slugs (D:2)
  11 orcs (D:3)
  7 ball pythons
  3 bats (D:1)
  8 endoplasms
  2 giant cockroaches
  4 goblins
  5 hobgoblins
  4 jackals (D:3)
  5 quokkas
  5 frilled lizards
  3 kobolds
  4 rats
70 creatures vanquished.

Notes
Turn   | Place    | Note
-------+----------+-------------------------------------------
     0 | D:1      | being54 the Demonspawn Brigand began the quest for the Orb.
     0 | D:1      | Reached XP level 1. HP: 16/16 MP: 1/1
   600 | D:1      | Gained mutation: You sometimes gain a little power by
                  | taking damage. [demonic ancestry]
   600 | D:1      | Reached XP level 2. HP: 19/23 MP: 2/2
   978 | D:2      | Reached skill level 1 in Dodging
   981 | D:2      | Reached skill level 4 in Stealth
  1344 | D:2      | Gained mutation: Your touch may inflict minor irresistible
                  | damage on your foes. [demonic ancestry]
  1344 | D:2      | Reached XP level 3. HP: 27/28 MP: 3/3
  1479 | D:2      | Found a faded altar of an unknown god.
  1855 | D:3      | Reached skill level 1 in Armour
  1859 | D:3      | Gained mutation: You are partially covered in slimy green
                  | scales. (AC +2) [demonic ancestry]
  1859 | D:3      | Reached XP level 4. HP: 5/34 MP: 4/4
  2117 | D:3      | Gained mutation: Your touch may inflict irresistible damage
                  | on your foes. [demonic ancestry]
  2117 | D:3      | Reached XP level 5. HP: 14/40 MP: 5/5
  2517 | D:3      | Identified the +0 hat "Suti" {+Inv rF- Int+7 SInv}
  3213 | D:4      | Noticed Grinder
  3217 | D:4      | Noticed Menkaure
  3241 | D:4      | HP: 1/40 [Grinder (7)]
  3241 | D:4      | Slain by Grinder

Illustrated notes

Levels and vault maps discovered:
D:1:      minmay_arrival_arboretum_small, layout_basic
D:2:      layout_basic, shapermc_ecumenical_altar_notcrosses,
          minmay_tromino_v4_b
D:3:      layout_basic, minmay_starry_boxes
D:4:      layout_basic, uniq_menkaure, uniq_grinder

Skill      XL: |  1  2  3  4  5 |
---------------+----------------+-----
Dodging        | 1 |  1.3
Stealth        | 4 |  4.9
Short Blades   | 2 3 |  3.0
Armour         | 1 |  1.6
Fighting       | |  2.9
Throwing       | |  1.8

Action                   |  1- 3 |  4- 6 || total
-------------------------+-------+-------++-------
Melee: Dagger            |    94 |    67 ||   161
       Touch             |     7 |    14 ||    21
       Punch             |     2 |       ||     2
Throw: Dart              |       |     4 ||     4
  Use: Scroll            |     6 |     5 ||    11
       Potion            |     1 |     2 ||     3
 Stab: Sleeping          |    14 |     1 ||    15
       Distracted        |     1 |     1 ||     2
Armor: Leather armour    |    33 |    22 ||    55
Dodge: Dodged            |    49 |    23 ||    72

Table legend: (Time is in decaauts)
 A = Elapsed time spent in this place.
 B = Non-inter-level travel time spent in this place.
 C = Inter-level travel time spent in this place.
 D = Time resting spent in this place.
 E = Time spent auto-exploring this place.
 F = Levels seen in this place.
 G = Mean time per level.
                   A        B        C        D        E       F      G
               +--------+--------+--------+--------+--------+-----+--------+
         Total |   3219 |   3017 |    202 |    349 |   2135 |   4 |  804.8 |
       Dungeon |   3219 |   3017 |    202 |    349 |   2135 |   4 |  804.8 |
               +--------+--------+--------+--------+--------+-----+--------+

Top non-repeatable levels by time:
     D:3: 1360 daAuts
     D:1: 932 daAuts
     D:2: 725 daAuts
     D:4: 200 daAuts
